 Dungeon Crawl Stone Soup version 0.31-a0-271-gb88eb75e06 (webtiles) character file.

Game seed: 2331657719217283253

326 garrulousMonolith the Changeling (level 6, -8/42 HPs)
             Began as an Octopode Shapeshifter on July 14, 2023.
             Mangled by Blork the orc
             ... wielding a +2 hand axe of electrocution
              (17 damage)
             ... on level 4 of the Dungeon.
             The game lasted 00:03:18 (3342 turns).

garrulousMonolith the Changeling (OpSh)             Turns: 3342, Time: 00:03:18

Health: -8/42      AC:  1    Str: 14    XL:     6   Next: 49%
Magic:  6/6        EV: 14    Int: 11    God:
Gold:   171        SH:  0    Dex: 14    Spells: 5/5 levels left

rFire   + .          .
                       - Unarmed
rCold   . . .        (no shield)
rNeg    . . .        f - melded +2 hat
rPois   +            (no amulet)
rElec   .            d - ring of protection from fire
rCorr   .            k - ring of poison resistance
SInv    .            (no ring)
Will    .....        (no ring)
Stlth   +++          (no ring)
HPRegen 0.27/turn    (no ring)
MPRegen 0.10/turn    (no ring)
                     (no ring)

%: no passive effects
@: beast-form
A: beast (slay +2), almost no armour, amphibious, 8 rings, camouflage 1,
gelatinous body 1, (nimble swimmer 1), tentacles
a: Begin Untransformation


You were on level 4 of the Dungeon.
You were a hulking beast.
You visited 1 branch of the dungeon, and saw 4 of its levels.

You collected 171 gold pieces.

Inventory:

Hand Weapons
 o - a +1 dagger of holy wrath
Armour
 f - a +2 hat (melded)
Jewellery
 d - a ring of protection from fire (left tentacle)
 k - a ring of poison resistance (right tentacle)
Talismans
 b - a beast talisman
Wands
 n - a wand of polymorph (12)
Scrolls
 c - 3 scrolls of vulnerability
 g - a scroll of noise {unknown}
 i - a scroll of fog {unknown}
 j - a scroll of enchant weapon {unknown}
 m - a scroll of teleportation {unknown}
Potions
 e - 2 potions of mutation
 h - 2 potions of magic
 l - 2 potions of enlightenment


   Skills:
 + Level 3.2 Fighting
 + Level 3.0 Dodging
 + Level 3.2 Stealth
 * Level 3.8 Unarmed Combat
 * Level 4.0 Shapeshifting


You had 5 spell levels left.
You didn't know any spells.
Your spell library contained the following spells:

 Spells                   Type           Power      Damage    Failure   Level
 Apportation              Tloc           0%         N/A       34%         1
 Freeze                   Ice            0%         1d3       34%         1
 Necrotise                Necr           0%         1d4       34%         1
 Summon Small Mammal      Summ           0%         N/A       34%         1
 Call Canine Familiar     Summ           0%         N/A       71%         3
 Frozen Ramparts          Ice            0%         1d1       71%         3
 Hailstorm                Conj/Ice       0%         3d3       71%         3
 Summon Guardian Golem    Hex/Summ       0%         N/A       71%         3
 Leda's Liquefaction      Hex/Erth       0%         N/A       98%         4
 Lee's Rapid Deconstruct  Erth           0%         3d4*      100%        5
 Leda's Unmaking          Conj/Erth      0%         9d1       100%        6


Dungeon Overview and Level Annotations

Branches:
Dungeon (4/15)
 Temple: D:4-7

Altars:
Elyvilon

Annotations:
D:3 1 runed translucent door, Iniera's ghost, amateur KoMo
D:4 Blork the orc


Innate Abilities, Weirdness & Mutations

You are a hulking beast.
Your limbs bulge with bestial killing power. (Slay +2)
You cannot wear most types of armour.
You are amphibious.
You can wear up to eight rings at the same time.
Your skin changes colour to match your surroundings (Stealth+).
Your rubbery body absorbs attacks. (AC +1, EV +1)
((You are camouflaged when in or above water. (Stealth+)))
You have tentacles for arms and can constrict up to eight enemies at once.


Message History

You squeeze the hobgoblin.
You kill the hobgoblin!
No target in view!
No target in view!
No target in view!
No target in view!
No target in view!
No target in view!
Blork the orc comes into view.
He is wielding a +2 hand axe of electrocution.
Blork the orc is nearby!
Found a stone staircase leading up.
Found a fuming sapphire potion.
Found 3 javelins.
Blork the orc hits you with a +2 hand axe of electrocution.
You tentacle-slap Blork the orc. Your grab misses Blork the orc.
Your tentacle-slap misses Blork the orc.
Blork the orc is lightly wounded.
Blork the orc hits you with a +2 hand axe of electrocution!
You are electrocuted!!
You are too injured to fight recklessly!
You are too injured to fight recklessly!
You are too injured to fight recklessly!
You are too injured to fight recklessly!
You are too injured to fight recklessly!
You are too injured to fight recklessly!
You are too injured to fight recklessly!
You are too injured to fight recklessly!
You are too injured to fight recklessly!
You are too injured to fight recklessly!
You are too injured to fight recklessly!
You are too injured to fight recklessly!
You are too injured to fight recklessly!
You tentacle-slap Blork the orc. You grab Blork the orc.
You squeeze Blork the orc!
Blork the orc is severely wounded.
You constrict Blork the orc.
Blork the orc hits you with a +2 hand axe of electrocution.
* * * LOW HITPOINT WARNING * * *
You are electrocuted!
You die...

#.# ###.# .(#.#
#.#.# #.#.#
########.#.## ###
..#...........#.....
#.#.........ho..#
#.#..####.....### #
#.#..##.......# #.
#>#†.##.....<.#
#.##.#..##.......#
##..............###
.........####..!#
#####.#### ##### #.#


You could see Blork the orc.

Vanquished Creatures
  An orc priest (D:4)
  Ijyb (D:3)
  An orc wizard (D:4)
  Natasha (thrice) (D:3)
  Robin (D:3)
  4 adders
  2 worms
  2 dart slugs
  4 orcs
  8 ball pythons
  3 endoplasms
  3 giant cockroaches
  14 goblins
  14 hobgoblins
  12 jackals
  10 kobolds
  4 quokkas
  8 bats
  6 frilled lizards
  8 rats
109 creatures vanquished.

Notes
Turn   | Place    | Note
-------+----------+-------------------------------------------
     0 | D:1      | garrulousMonolith the Octopode Shapeshifter began the quest
                  | for the Orb.
     0 | D:1      | Reached XP level 1. HP: 14/14 MP: 1/1
    93 | D:1      | Reached XP level 2. HP: 19/19 MP: 2/2
   294 | D:1      | Reached skill level 1 in Stealth
   454 | D:1      | Reached XP level 3. HP: 24/24 MP: 3/3
   997 | D:1      | You fall into a shaft and drop 1 floor!
  1187 | D:2      | Reached XP level 4. HP: 26/30 MP: 4/4
  1903 | D:2      | Found a white marble altar of Elyvilon.
  2073 | D:3      | Noticed Ijyb
  2099 | D:3      | Killed Ijyb
  2100 | D:3      | Reached XP level 5. HP: 36/36 MP: 5/5
  2131 | D:3      | Noticed Natasha
  2140 | D:3      | Killed Natasha
  2189 | D:3      | Noticed Natasha
  2200 | D:3      | Killed Natasha
  2249 | D:3      | Noticed Natasha
  2258 | D:3      | Killed Natasha
  2451 | D:3      | Reached XP level 6. HP: 36/42 MP: 6/6
  2505 | D:3      | Found a runed translucent door.
  2505 | D:3      | Noticed Iniera's ghost (amateur KoMo)
  2598 | D:3      | Noticed Robin
  2626 | D:3      | Killed Robin
  3103 | D:3      | Found the +7 Spriggan's Knife {stab, EV+4 Stlth+}
  3240 | D:4      | Reached skill level 4 in Shapeshifting
  3332 | D:4      | Noticed Blork the orc
  3342 | D:4      | Mangled by Blork the orc

Illustrated notes

Levels and vault maps discovered:
D:1:      psy_arrival_conway, layout_loops_ring, lexackson_kobold_supper
D:2:      minmay_wonky_spiral, layout_basic, basic_altar,
          hangedman_feature_mirror
D:3:      layout_basic, hellmonk_ghost_happy_afterlife,
          minmay_misc_feat_encased, uniq_robin, uniq_ijyb, uniq_natasha
D:4:      layout_loops_ring, temple_doors_e, minmay_ruined_shrine,
          uniq_blork_the_orc

Skill      XL: |  1  2  3  4  5  6 |
---------------+-------------------+-----
Stealth        | 1 2 3 |  3.2
Unarmed Combat | 3 |  3.8
Fighting       | 3 |  3.2
Shapeshifting  | 4 |  4.0
Dodging        | 3 |  3.0

Action                     |  1- 3 |  4- 6 || total
---------------------------+-------+-------++-------
  Melee: Unarmed           |    90 |   154 ||   244
         Constrict         |    21 |    36 ||    57
         Tentacles         |    15 |    27 ||    42
         Punch             |     1 |       ||     1
    Use: Scroll            |       |     5 ||     5
         Potion            |       |     1 ||     1
   Stab: Sleeping          |     9 |     6 ||    15
 Armour: Skin              |     2 |    98 ||   100
  Dodge: Dodged            |    57 |    91 ||   148
         Form:             |     1 |       ||     1
         Beast             |     1 |       ||     1

Table legend: (Time is in decaauts)
 A = Elapsed time spent in this place.
 B = Non-inter-level travel time spent in this place.
 C = Inter-level travel time spent in this place.
 D = Time resting spent in this place.
 E = Time spent auto-exploring this place.
 F = Levels seen in this place.
 G = Mean time per level.
                   A        B        C        D        E       F      G
               +--------+--------+--------+--------+--------+-----+--------+
         Total |   3344 |   3263 |     81 |    711 |   1912 |   4 |  836.0 |
       Dungeon |   3344 |   3263 |     81 |    711 |   1912 |   4 |  836.0 |
               +--------+--------+--------+--------+--------+-----+--------+

Top non-repeatable levels by time:
     D:3: 1210 daAuts
     D:1: 1094 daAuts
     D:2: 929 daAuts
     D:4: 110 daAuts
